 Dungeon Crawl Stone Soup version 0.31-a0-216-g22e908daa7 (webtiles) character file.

Game seed: 14007759865708512913

487 qw the Shooter (level 7, 0/43 HPs)
             Began as a Gargoyle Hexslinger on July 2, 2023.
             Was an Initiate of Okawaru.
             Slain by a hornet zombie (9 damage)
             ... on level 5 of the Dungeon.
             The game lasted 00:01:26 (3112 turns).

qw the Shooter (Gargoyle Hexslinger)                Turns: 3112, Time: 00:01:27

Health: 0/43       AC: 12    Str: 12      XL:     7   Next: 13%
Magic:  8/8        EV: 10    Int: 11 (13) God:    Okawaru [......]
Gold:   312        SH:  0    Dex: 14 (16) Spells: 7/8 levels left

rFire   . . .        Y - +2 sling (freeze)
rCold   . . .        (no shield)
rNeg    + . .        a - +0 ring mail
rPois   inf          (no helmet)
rElec   +            (no cloak)
rCorr   +            (no gloves)
SInv    .            (no boots)
Will    .....        (no amulet)
Stlth   ++           b - ring of resist corrosion
HPRegen 0.27/turn    (no ring)
MPRegen 0.11/turn

%: no passive effects
@: about to teleport
A: sickness immunity, AC +4, negative energy resistance 1, electricity
resistance, torment resistance 1, petrification resistance, iridescent scales 1,
thin skeletal structure 1, wild magic 1
a: Renounce Religion


You were on level 5 of the Dungeon.
You worshipped Okawaru.
Okawaru was noncommittal.
You visited 2 branches of the dungeon, and saw 6 of its levels.
You also visited: Sewer.

You collected 312 gold pieces.


Innate Abilities, Weirdness & Mutations

You are immune to sickness and miasma.
Your stone body is resilient. (AC +4)
You are immune to poison.
You resist negative energy. (rN+)
You are resistant to electric shocks. (rElec)
You are resistant to unholy torment.
You are immune to petrification.
You are partially covered in iridescent scales. (AC +2)
You have a somewhat thin skeletal structure. (Dex +2, Stealth+)
Your spells are a little harder to cast, but a little more powerful.


   Skills:
 - Level 4.3 Fighting
 + Level 6.2 Ranged Weapons
 - Level 1.0 Armour
 - Level 1.5 Dodging
 - Level 1.0 Spellcasting
 - Level 2.6 Hexes


You had 7 spell levels left.
You knew the following spells:

 Your Spells              Type           Power      Damage    Failure   Level
a - Slow                  Hex            32%        N/A       32%         1

Your spell library contained the following spells:

 Spells                   Type           Power      Damage    Failure   Level
 Inner Flame              Hex/Fire       4%         N/A       83%         3
 Portal Projectile        Hex/Tloc       8%         N/A       83%         3
 Cause Fear               Hex            4%         N/A       96%         4

Inventory:

Hand Weapons
 Y - a +2 sling of freezing (weapon)
Armour
 a - a +0 ring mail (worn)
 d - a +0 helmet
 e - a +1 pair of boots of stealth
Jewellery
 b - a ring of resist corrosion (left hand)
Scrolls
 f - 4 scrolls of teleportation
 j - 3 scrolls of identify
Potions
 c - 4 potions of enlightenment
 g - 2 potions of cancellation

Dungeon Overview and Level Annotations

Branches:
Dungeon (5/15)             Temple (1/1) D:4           Sewer (visited)

Altars:
Ashenzari
Cheibriados
Dithmenos
Elyvilon
Fedhas
Gozag
Hepliaklqana
Kikubaaqudgha
Makhleb
Nemelex Xobeh
Okawaru
Qazlal
Ru
Sif Muna
Trog
Uskayaw
Vehumet
Wu Jian
Xom
Yredelemnul
Zin
The Shining One

Annotations:
D:3 1 runed translucent door, qw's ghost, amateur GrHs


Message History

The hound skeleton bites you but does no damage.
The hornet zombie hits you but does no damage.
You feel your strength returning.
Your Fighting skill increases to level 4!
You have reached level 7!
You shoot a sling bullet.
The sling bullet hits the hornet zombie!
The hornet zombie is lightly damaged.
The hound zombie bites you but does no damage.
The hound skeleton bites you but does no damage.
The adder bites you but does no damage. The hornet zombie hits you.
The hound zombie bites you but does no damage.
The hound skeleton closely misses you. The adder barely misses you.
You shoot a sling bullet.
The sling bullet hits the hornet zombie.
The hornet zombie is moderately damaged.
The hornet zombie hits you. The hound zombie barely misses you.
The hound skeleton bites you. The adder bites you but does no damage.
The hornet zombie closely misses you. The worm bites you.
The hound zombie bites you.
You shoot a sling bullet.
The sling bullet barely misses the hornet zombie.
The hound skeleton bites you but does no damage.
The adder bites you but does no damage.
The hornet zombie hits you but does no damage.
The hound zombie closely misses you. The hound skeleton closely misses you.
The adder bites you but does no damage.
You shoot a sling bullet.
The sling bullet hits the hornet zombie.
The hornet zombie is moderately damaged.
The hornet zombie hits you. The hound zombie barely misses you.
The hound skeleton bites you. The adder bites you but does no damage.
The worm barely misses you. The hornet zombie closely misses you.
3112 ||| READING 5 scrolls of teleportation.
As you read the scroll of teleportation, it crumbles to dust.
You feel strangely unstable.
The hound skeleton bites you but does no damage.
The hound zombie bites you but does no damage.
The adder barely misses you. The hornet zombie hits you!
You die...

... ... . ..#.......#.#
..#.......P.
#.#......... #.#........
~ ###Z......). ~.
#.@SZ.Z....# .~.
#..ZZw..#..?.## ....
.......Z...#.ยค...##...#
..............w.......#.
...##...#...#.#.S.......
.. ##..#.....##........
. ##.#......##.......
.....8... ....... #
..... .......


You could see a worm, an adder, a water moccasin zombie, a hound zombie, a
hornet zombie, 2 centaur zombies and a hound skeleton.

Vanquished Creatures
  A phantom (D:5)
  A scorpion (D:4)
  3 hounds (D:4)
  2 jellies (D:4)
  A sickly merfolk siren (Sewer)
  A malarious merfolk avatar (Sewer)
  5 adders
  2 river rats
  2 dart slugs
  6 endoplasms
  6 giant cockroaches
  5 goblins
  7 hobgoblins
  4 jackals (D:4)
  3 kobolds
  9 quokkas
  8 ball pythons
  6 bats
  9 frilled lizards
  30 rats
  A spectral hobgoblin (D:3)
112 creatures vanquished.

Notes
Turn   | Place    | Note
-------+----------+-------------------------------------------
     0 | D:1      | qw the Gargoyle Hexslinger began the quest for the Orb.
     0 | D:1      | Reached XP level 1. HP: 12/12 MP: 2/2
     0 | D:1      | 0 ||| qw: Version: 0.3-a-37-gdb0280a
     0 | D:1      | 0 ||| qw: Game counter: 7869
     0 | D:1      | 0 ||| qw: Melee chars always use a shield: true
     0 | D:1      | 0 ||| qw: God list: Okawaru
     0 | D:1      | 0 ||| qw: Allow faded altars: false
     0 | D:1      | 0 ||| qw: Do Orc after clearing Dungeon:15 true
     0 | D:1      | 0 ||| qw: Do second Lair branch before Depths: true
     0 | D:1      | 0 ||| qw: Lair rune preference: random
     0 | D:1      | 0 ||| qw: Goals: Normal
     0 | D:1      | 0 ||| PLANNING D:1-11
    64 | D:1      | Reached XP level 2. HP: 16/16 MP: 3/3
   261 | D:1      | Reached skill level 3 in Ranged Weapons
   400 | D:1      | You fall into a shaft and drop 1 floor!
   418 | D:2      | Reached XP level 3. HP: 21/21 MP: 4/4
   521 | D:2      | 521 ||| DROPPING amulet of magic regeneration.
   522 | D:2      | 522 ||| READING scroll labelled QIUSKEOWKE.
   523 | D:2      | 523 ||| READING scroll labelled OVUYVIDAGO.
   524 | D:2      | 524 ||| READING scroll labelled JYLISI PE POK.
   525 | D:2      | 525 ||| READING 2 scrolls labelled VAENGUMUMU.
   526 | D:2      | 526 ||| DROPPING scroll of poison.
   534 | D:2      | 534 ||| STAIRDANCE
   992 | D:1      | 992 ||| UPGRADING to +0 ring mail.
  1002 | D:1      | 1002 ||| DROPPING +0 robe.
  1003 | D:1      | 1003 ||| READING 2 scrolls of identify.
  1003 | D:1      | 1003 ||| IDENTIFYING fuming brown potion
  1004 | D:1      | 1004 ||| DROPPING potion of attraction.
  1230 | D:2      | 1230 ||| READING scroll labelled WURAEC EMM.
  1389 | D:2      | Reached XP level 4. HP: 26/26 MP: 5/5
  1596 | D:2      | 1596 ||| DRINKING 2 metallic silvery potions.
  1596 | D:2      | Gained mutation: You are occasionally teleported next to
                  | monsters. [potion of mutation]
  1597 | D:2      | 1597 ||| DRINKING potion of mutation.
  1597 | D:2      | Lost mutation: You are occasionally teleported next to
                  | monsters. [potion of mutation]
  1597 | D:2      | Gained mutation: Your spells are a little harder to cast,
                  | but a little more powerful. [potion of mutation]
  1597 | D:2      | Gained mutation: You are partially covered in iridescent
                  | scales. (AC +2) [potion of mutation]
  1597 | D:2      | Gained mutation: You have a somewhat thin skeletal
                  | structure. (Dex +2, Stealth+) [potion of mutation]
  1618 | D:3      | 1618 ||| PLANNING SEWER
  1642 | D:3      | Found a broken altar of Ashenzari.
  1651 | D:3      | Reached skill level 4 in Ranged Weapons
  1659 | D:3      | Found a shadowy altar of Dithmenos.
  1751 | D:3      | Found an ornate altar of the Wu Jian Council.
  1869 | D:3      | Found a faded altar of an unknown god.
  1899 | D:3      | Found a runed translucent door.
  1899 | D:3      | Noticed qw's ghost (amateur GrHs)
  1917 | D:3      | Reached skill level 1 in Armour
  1985 | D:3      | 1985 ||| Stepping ~*~*~tactically~*~*~ (water).
  1987 | D:3      | 1987 ||| Stepping ~*~*~tactically~*~*~ (water).
  1990 | D:3      | 1990 ||| Stepping ~*~*~tactically~*~*~ (water).
  2076 | D:3      | Found a glowing drain.
  2077 | D:3      | 2077 ||| UPGRADING to ring of resist corrosion.
  2081 | Sewer    | Entered a sewer
  2107 | Sewer    | Reached XP level 5. HP: 30/30 MP: 6/6
  2230 | Sewer    | Reached skill level 5 in Ranged Weapons
  2298 | Sewer    | Reached skill level 3 in Fighting
  2399 | Sewer    | 2399 ||| DRINKING 2 amethyst potions.
  2450 | D:3      | 2450 ||| PLANNING D:1-11
  2578 | D:4      | Reached XP level 6. HP: 37/37 MP: 7/7
  2793 | D:4      | Reached skill level 6 in Ranged Weapons
  2891 | D:4      | Found a staircase to the Ecumenical Temple.
  2892 | D:4      | 2892 ||| PLANNING TEMPLE
  2892 | D:4      | 2892 ||| DROPPING ring of flight.
  2893 | D:4      | 2893 ||| DRINKING 4 smoky emerald potions.
  2894 | D:4      | 2894 ||| DROPPING 3 potions of degeneration.
  2902 | Temple   | Entered the Ecumenical Temple
  2903 | Temple   | 2903 ||| PLANNING OKAWARU WORSHIP
  2946 | Temple   | Became a worshipper of Warmaster Okawaru
  2947 | Temple   | 2947 ||| PLANNING D:1-11
  3090 | D:5      | Entered Level 5 of the Dungeon
  3108 | D:5      | Reached XP level 7. HP: 24/43 MP: 8/8
  3111 | D:5      | HP: 10/43 [hornet zombie (2)]
  3112 | D:5      | 3112 ||| READING 5 scrolls of teleportation.
  3112 | D:5      | Slain by a hornet zombie

Levels and vault maps discovered:
D:1:      dpeg_arrival_windows_large_door, layout_basic, interstate_on_off,
          kennysheep_crisscross
D:2:      wad_lake_hut, layout_loops_ring
D:3:      layout_rooms, nicolae_wu_jian_wuxing_cycle,
          mainiacjoe_overflow_big_doors, gammafunk_ghost_grave,
          dreamdust_ecumenical_altar_drowned_temple, gup_sewer_entry_spiral
D:4:      layout_cave_pools, minmay_temple_entry_mini_moons,
          minmay_misc_feat_nine_boxes
D:5:      layout_cave_pools, serial_undead, serial_undead_a, serial_undead_f,
          serial_undead_b, serial_undead_c, serial_undead_a, serial_undead_e,
          serial_undead_d
Temple:   hellmonk_temple_of_storms

Skill      XL: |  1  2  3  4  5  6 |
---------------+-------------------+-----
Ranged Weapons | 3 4 5 6 |  6.2
Fighting       | 2 3 4 |  4.3
Armour         | 1 |  1.0
Dodging        | |  1.5
Spellcasting   | |  1.0
Hexes          | |  2.6

Action                     |  1- 3 |  4- 6 |  7- 9 || total
---------------------------+-------+-------+-------++-------
   Fire: Sling             |   112 |   196 |     4 ||   312
    Use: Scroll            |     6 |       |     1 ||     7
         Potion            |       |     4 |       ||     4
 Armour: Robe              |    11 |       |       ||    11
         Ring mail         |     1 |    71 |    12 ||    84
  Dodge: Dodged            |    14 |    65 |    10 ||    89

Table legend:
 A = Non-vault XP
 B = Vault XP
 C = Vault XP percentage of total XP
 D = Non-vault monster count
 E = Vault monster count
 F = Vault count percentage of total count
                 A         B        C        D         E       F
            +---------+---------+-------+---------+---------+-------
      Total |     424 |     272 |  39.1 |      61 |      51 |  45.5
            +---------+---------+-------+---------+---------+-------
        D:1 |      48 |       0 |   0.0 |      28 |       0 |   0.0
        D:2 |      36 |       0 |   0.0 |      14 |       0 |   0.0
        D:3 |      30 |      35 |  53.8 |       4 |       8 |  66.7
        D:4 |     310 |       0 |   0.0 |      15 |       0 |   0.0
        D:5 |       0 |     101 | 100.0 |       0 |       1 | 100.0
      Sewer |       0 |     136 | 100.0 |       0 |      42 | 100.0
            +---------+---------+-------+---------+---------+-------
